 Dungeon Crawl Stone Soup version 0.21.1-1-g345015fe64 (webtiles) character file.

1783 Bapho the Cleaver (level 9, -3/118 HPs)
             Began as a Hill Orc Berserker on July 7, 2018.
             Was an Elder of Trog.
             Slain by a sky beast (5 damage)
             ... on level 5 of the Dungeon.
             The game lasted 00:12:34 (5771 turns).

Bapho the Cleaver (Hill Orc Berserker)              Turns: 5771, Time: 00:12:35

Health: -3/118     AC: 13    Str: 28    XL:     9   Next: 8%
Magic:  9/9        EV:  9    Int:  7    God:    Trog [****..]
Gold:   306        SH:  0    Dex: 10    Spells: 8/8 levels left

rFire    . . .     SeeInvis .   m - +0 war axe
rCold    . . .     Gourm    .   (no shield)
rNeg     . . .     Faith    .   A - +0 plate armour
rPois    .         Spirit   .   (no helmet)
rElec    .         Reflect  .   k - +0 cloak (curse)
rCorr    .         Harm     .   (no gloves)
MR       .....                  (no boots)
Stlth    ..........             (no amulet)
HPRegen  0.29/turn              (no ring)
MPRegen  0.11/turn              (no ring)

@: berserking, very quick
A: no striking features
a: Berserk, Trog's Hand, Brothers in Arms, Burn Spellbooks, Renounce Religion


You were on level 5 of the Dungeon.
You worshipped Trog.
Trog was greatly pleased with you.
You were not hungry.

You visited 1 branch of the dungeon, and saw 6 of its levels.

You collected 306 gold pieces.

Inventory:

Hand Weapons
 a - a +0 hand axe
 m - a +0 war axe (weapon)
Missiles
 f - 50 stones (quivered)
 z - 6 javelins
 G - 2 tomahawks of returning
Armour
 b - a +0 animal skin
 i - a +0 scale mail
 k - a cursed +0 cloak (worn)
 A - a +0 plate armour (worn)
Jewellery
 r - an uncursed ring of fire {unknown}
 F - an uncursed ring of positive energy {unknown}
Wands
 x - a wand of disintegration (10)
Scrolls
 d - a scroll of amnesia {unknown}
 g - a scroll of random uselessness {unknown}
 h - 3 scrolls of enchant armour {unknown}
 j - 2 scrolls of magic mapping {unknown}
 o - 2 scrolls of remove curse {unknown}
 p - 5 scrolls of identify {unknown}
 y - a scroll of fear {unknown}
 C - a scroll of blinking {unknown}
 H - a scroll of enchant weapon {unknown}
Potions
 e - a potion of flight {unknown}
 l - 4 potions of heal wounds {unknown}
 n - 2 potions of cancellation {unknown}
 q - 5 potions of brilliance {unknown}
 s - 2 potions of magic {unknown}
 t - 2 potions of degeneration {unknown}
 u - 2 potions of curing {unknown}
 w - a potion of agility {unknown}
 B - a potion of experience {unknown}
 D - a potion of mutation {unknown}
 E - a potion of haste {unknown}
Books
 v - a book of Maledictions

   Spells                             Type                      Level
   a - Corona                         Hexes                        1
   b - Ensorcelled Hibernation        Hexes/Ice                    2
   c - Confuse                        Hexes                        3
   d - Tukima's Dance                 Hexes                        3
   e - Dazzling Spray                 Conjuration/Hexes            3
   Trog disapproves of the use of such an item.
Comestibles
 c - 7 rations


   Skills:
 + Level 7.1 Fighting
 * Level 10.1 Axes
 + Level 6.0 Armour
 + Level 4.4 Dodging


You had 8 spell levels left.
You didn't know any spells.

Dungeon Overview and Level Annotations

Branches:
Dungeon (6/15)             Temple (0/1) D:5

Altars:
Ashenzari
Cheibriados
Fedhas

Shops:
D:5 (

Annotations:
D:6 Ethylacetat's ghost, novice DsFi


Message History

You feel quite a bit more hungry. The sky beast barely misses you.
You closely miss the sky beast. You barely miss the sky beast.
The sky beast closely misses you.
You slash the sky beast!
The sky beast is moderately wounded.
The sky beast flickers out of sight!
Deactivating autopickup; reactivate with Ctrl-A.
Something hits you.
* * * LOW HITPOINT WARNING * * *
Something shocks you.
* * * LOW HITPOINT WARNING * * *
You miss something. You miss something. Something hits you but does no damage.
Your plate armour prevents you from hitting something.
Something hits you but does no damage.
You closely miss something. You closely miss something. Something hits you.
* * * LOW HITPOINT WARNING * * *
Something shocks you.
You die...

###### #..#..# #.#......#...
'....######.#..######..........##
####........#.......#...########
## #..........#####.#..########
## #................#.####....###
#.........§......#.###.......#
#.........>........##....#....
####........#######...'....#.###.
...............{@....###...#...#.
####.######.######...# #...#.#.#.
#.#....#.#........####..#...#.
#.#.....♣..........###..###.#.
#.####...#.#......#.###....#..
#.# #.♣∩♣....#...#.####...... #.#
#.#..#####...#..#####.... #.#
#.#♣.........###.######## #.#
#.#########........#


There were no monsters in sight!

Vanquished Creatures
  Grinder (D:3)
  An orc warrior (D:4)
  2 sky beasts
  A phantom (D:5)
  An ice beast (D:5)
  3 centaurs (D:5)
  2 ogres
  A bullfrog (D:6)
  A centaur zombie (D:5)
  2 crimson imps (D:5)
  A hound (D:4)
  3 orc priests
  A bullfrog skeleton (D:5)
  A centaur skeleton (D:5)
  3 orc wizards
  4 worker ants
  A worker ant zombie (D:5)
  2 gnolls (D:1)
  6 adders
  An ooze (D:1)
  An adder zombie (D:5)
  A worm (D:3)
  4 dart slugs
  2 leopard geckos (D:3)
  22 orcs
  2 ball pythons
  11 bats
  9 giant cockroaches
  7 hobgoblins
  9 jackals
  2 kobolds
  2 quokkas
  13 frilled lizards
  2 goblins
  A quokka zombie (D:5)
  10 rats
136 creatures vanquished.

Notes
Turn   | Place    | Note
-------+----------+-------------------------------------------
     0 | D:1      | Bapho the Hill Orc Berserker began the quest for the Orb.
     0 | D:1      | Reached XP level 1. HP: 19/19 MP: 1/1
   217 | D:1      | Reached XP level 2. HP: 25/27 MP: 2/2
   509 | D:1      | Reached XP level 3. HP: 32/33 MP: 3/3
  1024 | D:1      | Reached skill level 5 in Axes
  1025 | D:1      | Reached ** piety under Trog
  1443 | D:2      | Reached XP level 4. HP: 37/40 MP: 4/4
  1852 | D:2      | Found a snail-covered altar of Cheibriados.
  2162 | D:2      | Found a faded altar of an unknown god.
  2308 | D:3      | Noticed Grinder
  2322 | D:3      | Reached XP level 5. HP: 47/47 MP: 5/5
  2324 | D:3      | Killed Grinder
  2324 | D:3      | Reached skill level 6 in Axes
  2324 | D:3      | Reached XP level 6. HP: 55/55 MP: 6/6
  2450 | D:3      | Reached skill level 5 in Fighting
  2684 | D:3      | Reached *** piety under Trog
  3174 | D:4      | Reached skill level 7 in Axes
  3174 | D:4      | Reached XP level 7. HP: 61/61 MP: 7/7
  4024 | D:4      | Found a blossoming altar of Fedhas.
  4094 | D:5      | Entered Level 5 of the Dungeon
  4217 | D:5      | Reached skill level 8 in Axes
  4227 | D:5      | Reached XP level 8. HP: 42/70 MP: 8/8
  4537 | D:5      | Found a staircase to the Ecumenical Temple.
  4582 | D:5      | Reached skill level 5 in Armour
  4613 | D:5      | Reached skill level 9 in Axes
  4882 | D:5      | Found Zerphaur's Weapon Shoppe.
  5041 | D:5      | Reached **** piety under Trog
  5157 | D:5      | Found a shattered altar of Ashenzari.
  5702 | D:6      | Reached skill level 10 in Axes
  5702 | D:6      | Reached XP level 9. HP: 79/79 MP: 9/9
  5708 | D:6      | Noticed Ethylacetat's ghost (novice DsFi)
  5766 | D:5      | HP: 4/118 [something (5)]
  5771 | D:5      | HP: 2/118 [something (3)]
  5771 | D:5      | Slain by a sky beast

Skill      XL: |  1  2  3  4  5  6  7  8  9 |
---------------+----------------------------+-----
Fighting       | 4 5 6 7 |  7.1
Dodging        | 2 3 4 |  4.4
Axes           | 5 6 7 8 10 | 10.1
Armour         | 3 4 5 6 |  6.0

Action                   |  1- 3 |  4- 6 |  7- 9 || total
-------------------------+-------+-------+-------++-------
Melee: Hand axe          |    74 |   118 |       ||   192
       War axe           |       |    38 |   227 ||   265
Throw: Stone             |    86 |    75 |    62 ||   223
Invok: Berserk           |     2 |     3 |     4 ||     9
       Trog's Hand       |       |     1 |     2 ||     3
  Eat: Chunk             |     4 |     9 |     6 ||    19
       Ration            |       |       |     2 ||     2
Armor: Animal skin       |    11 |       |       ||    11
       Scale mail        |    19 |    73 |    10 ||   102
       Plate armour      |       |       |   107 ||   107
Dodge: Dodged            |    42 |    92 |    77 ||   211
